[ PARTIDA AOE2 · #506477139 ]
UnrankedGodos vs Malians
Equipo del jugador · DERR
Equipo rival · VICT
[ ANÁLISIS DE REPETICIÓN · EXTRAÍDO DE LA PARTIDA GRABADA ]
Feudal
11:57
Castillos
24:45
Imperial
44:29
| APM promedio | 59.9 |
| APM pico | 89 |
| eAPM promedio | 35.9 |
| Aldeanos / militares | 190 / 246 |
Foco
⚔️ 50.8% · 🌾 49.2%
Cavalry Archer ×146 · Hand Cannoneer ×34 · Skirmisher ×17 · Militia ×14 · Battering Ram ×11 · Huskarl ×10
Feudal
9:19
Castillos
19:55
Imperial
36:56
| APM promedio | 46.9 |
| APM pico | 72 |
| eAPM promedio | 25.4 |
| Aldeanos / militares | 169 / 208 |
Foco
⚔️ 43.0% · 🌾 57.0%
Gbeto ×73 · Skirmisher ×60 · Archer ×41 · Knight ×20 · Mangonel ×4 · Trebuchet (Packed) ×4
Mapa de la partida
Recursos iniciales + cada clic de construcción. Líneas = muros · curvas = relieve. ◆ oro · ⬟ piedra · ● bayas · ✦ reliquia · ◌ hueco del cierre
Tu base· ✓ Cerrada en 24:45 · 38t muro · 1 puerta(s)
Base de Puttsson· Abierta — hueco de 6t
Terreno inicial suavizado · ◌ = hueco del cierre detectado · pasá el cursor para detalles
Inputs por minuto
— HeavenlyChorus - - Puttsson
Build order — HeavenlyChorus
Primeras 150 de 658 acciones detectadas
| 0:00 | Crear | Villager (Male) |
| 0:01 | Construir | House |
| 0:02 | Construir | House |
| 0:02 | Crear | Villager (Male) |
| 0:08 | Crear | Villager (Male) |
| 0:10 | Crear | Villager (Male) |
| 1:23 | Crear | Villager (Male) |
| 1:27 | Investigar | Loom |
| 1:59 | Crear | Villager (Male) |
| 2:21 | Crear | Villager (Male) |
| 2:36 | Crear | Villager (Male) |
| 3:01 | Crear | Villager (Male) |
| 3:07 | Construir | Lumber Camp |
| 3:26 | Crear | Villager (Male) |
| 3:48 | Construir | House |
| 4:09 | Crear | Villager (Male) |
| 4:11 | Crear | Villager (Male) |
| 4:15 | Crear | Villager (Male) |
| 4:37 | Crear | Villager (Male) |
| 5:03 | Construir | Barracks |
| 5:38 | Crear | Villager (Male) |
| 5:45 | Construir | House |
| 5:52 | Construir | Palisade Wall |
| 5:53 | Construir | Palisade Wall |
| 5:53 | Construir | Palisade Wall |
| 5:55 | Construir | Palisade Wall |
| 6:06 | Crear | Militia |
| 6:06 | Crear | Militia |
| 6:08 | Crear | Villager (Male) |
| 6:13 | Crear | Villager (Male) |
| 6:22 | Crear | Villager (Male) |
| 7:08 | Construir | House |
| 7:11 | Crear | Villager (Male) |
| 7:16 | Crear | Villager (Male) |
| 7:27 | Construir | Mill |
| 7:32 | Crear | Villager (Male) |
| 7:37 | Construir | House |
| 7:40 | Construir | House |
| 7:42 | Crear | Villager (Male) |
| 7:46 | Construir | Palisade Wall |
| 8:01 | Construir | House |
| 8:03 | Construir | Palisade Wall |
| 8:15 | Crear | Villager (Male) |
| 8:36 | Crear | Militia |
| 8:49 | Construir | Mining Camp |
| 8:57 | Construir | Palisade Wall |
| 9:12 | Crear | Villager (Male) |
| 9:30 | Construir | House |
| 9:34 | Construir | House |
| 9:43 | Construir | Palisade Wall |
| 9:47 | Investigar | Feudal Age |
| 9:57 | Crear | Militia |
| 10:24 | Construir | Palisade Gate |
| 10:37 | Construir | Farm |
| 10:38 | Construir | Farm |
| 10:58 | Crear | Militia |
| 11:04 | Construir | House |
| 11:04 | Construir | House |
| 11:13 | Crear | Villager (Male) |
| 11:27 | Construir | Farm |
| 11:27 | Crear | Villager (Male) |
| 11:49 | Construir | House |
| 11:51 | Construir | House |
| 11:57 | Edad | Edad Feudal |
| 11:59 | Construir | Farm |
| 12:01 | Investigar | Double-Bit Axe |
| 12:08 | Crear | Villager (Male) |
| 12:12 | Crear | Villager (Male) |
| 12:25 | Crear | Villager (Male) |
| 12:46 | Crear | Villager (Male) |
| 12:48 | Construir | Archery Range |
| 13:08 | Crear | Spearman |
| 13:24 | Construir | House |
| 13:28 | Construir | Blacksmith |
| 13:41 | Crear | Villager (Male) |
| 13:43 | Crear | Skirmisher |
| 14:01 | Crear | Skirmisher |
| 14:04 | Investigar | Horse Collar |
| 14:05 | Construir | Farm |
| 14:17 | Crear | Skirmisher |
| 14:33 | Construir | House |
| 14:35 | Investigar | Fletching |
| 14:35 | Investigar | Fletching |
| 14:47 | Crear | Militia |
| 14:49 | Crear | Skirmisher |
| 14:51 | Crear | Villager (Male) |
| 14:56 | Crear | Villager (Male) |
| 14:58 | Construir | Farm |
| 14:59 | Construir | Farm |
| 15:00 | Construir | Farm |
| 15:03 | Construir | Farm |
| 15:05 | Construir | Farm |
| 15:09 | Construir | Palisade Wall |
| 15:13 | Construir | House |
| 15:24 | Crear | Skirmisher |
| 15:26 | Investigar | Padded Archer Armor |
| 15:26 | Investigar | Padded Archer Armor |
| 15:36 | Construir | Farm |
| 15:39 | Crear | Villager (Male) |
| 15:41 | Construir | Farm |
| 15:47 | Crear | Skirmisher |
| 16:12 | Crear | Skirmisher |
| 16:15 | Crear | Militia |
| 16:15 | Crear | Villager (Male) |
| 16:29 | Crear | Skirmisher |
| 16:29 | Crear | Militia |
| 16:37 | Investigar | Man-at-Arms (upgrade) |
| 16:42 | Crear | Villager (Male) |
| 16:49 | Construir | Palisade Wall |
| 16:55 | Crear | Villager (Male) |
| 17:11 | Investigar | Scale Mail Armor |
| 17:12 | Crear | Villager (Male) |
| 17:19 | Construir | House |
| 17:21 | Construir | Farm |
| 17:31 | Crear | Villager (Male) |
| 17:40 | Construir | Farm |
| 17:40 | Crear | Villager (Male) |
| 17:41 | Construir | Farm |
| 17:47 | Construir | Farm |
| 17:48 | Construir | Farm |
| 17:56 | Crear | Militia |
| 17:57 | Crear | Skirmisher |
| 17:59 | Construir | Farm |
| 18:00 | Construir | Farm |
| 18:09 | Crear | Skirmisher |
| 18:22 | Construir | Farm |
| 18:23 | Crear | Villager (Male) |
| 18:23 | Construir | Farm |
| 18:30 | Crear | Militia |
| 18:33 | Construir | Farm |
| 18:39 | Construir | Farm |
| 18:53 | Crear | Skirmisher |
| 18:54 | Crear | Militia |
| 18:59 | Crear | Villager (Male) |
| 19:14 | Crear | Militia |
| 19:15 | Crear | Skirmisher |
| 19:16 | Crear | Villager (Male) |
| 19:26 | Crear | Villager (Male) |
| 19:31 | Construir | Mining Camp |
| 19:42 | Crear | Militia |
| 19:43 | Crear | Skirmisher |
| 19:44 | Crear | Villager (Male) |
| 19:53 | Crear | Villager (Male) |
| 19:57 | Construir | Watch Tower |
| 20:22 | Crear | Militia |
| 20:23 | Crear | Skirmisher |
| 20:24 | Crear | Villager (Male) |
| 20:27 | Construir | Lumber Camp |
| 20:38 | Construir | Market |
| 21:06 | Crear | Villager (Male) |
Build order — Puttsson
Primeras 150 de 529 acciones detectadas
| 0:00 | Crear | Villager (Male) ×4 |
| 0:01 | Construir | House |
| 0:02 | Construir | House |
| 1:24 | Crear | Villager (Male) |
| 1:53 | Construir | Lumber Camp |
| 1:59 | Crear | Villager (Male) |
| 2:24 | Crear | Villager (Male) |
| 2:45 | Crear | Villager (Male) |
| 3:00 | Crear | Villager (Male) |
| 3:45 | Crear | Villager (Male) |
| 3:53 | Construir | House |
| 4:02 | Crear | Villager (Male) |
| 4:21 | Construir | House |
| 4:25 | Construir | Mill |
| 4:34 | Crear | Villager (Male) |
| 4:35 | Crear | Villager (Male) |
| 4:35 | Crear | Villager (Male) |
| 5:05 | Crear | Villager (Male) |
| 5:42 | Crear | Villager (Male) |
| 5:48 | Crear | Villager (Male) |
| 5:57 | Investigar | Loom |
| 6:17 | Crear | Villager (Male) |
| 6:53 | Construir | Barracks |
| 7:09 | Investigar | Feudal Age |
| 7:38 | Construir | Lumber Camp |
| 8:06 | Crear | Militia |
| 8:34 | Crear | Villager (Male) |
| 8:49 | Construir | Mining Camp |
| 8:55 | Construir | House |
| 9:10 | Crear | Villager (Male) |
| 9:19 | Edad | Edad Feudal |
| 9:23 | Construir | Archery Range |
| 9:30 | Investigar | Double-Bit Axe |
| 9:30 | Investigar | Double-Bit Axe |
| 9:45 | Crear | Villager (Male) |
| 10:05 | Construir | Mill |
| 10:18 | Construir | House |
| 10:18 | Crear | Archer |
| 10:34 | Crear | Villager (Male) |
| 10:44 | Crear | Archer |
| 11:00 | Crear | Villager (Male) |
| 11:00 | Crear | Villager (Male) |
| 11:02 | Construir | Farm |
| 11:27 | Crear | Villager (Male) |
| 11:27 | Crear | Villager (Male) |
| 11:29 | Construir | Farm |
| 11:32 | Crear | Archer |
| 11:36 | Construir | Blacksmith |
| 11:37 | Crear | Villager (Male) |
| 11:46 | Construir | Farm |
| 11:48 | Construir | Farm |
| 11:54 | Crear | Archer |
| 12:16 | Crear | Villager (Male) |
| 12:20 | Construir | House |
| 12:21 | Construir | House |
| 12:29 | Crear | Villager (Male) |
| 12:31 | Construir | Farm |
| 12:32 | Construir | Farm |
| 12:49 | Investigar | Fletching |
| 12:49 | Investigar | Fletching |
| 12:59 | Crear | Archer |
| 13:02 | Construir | Farm |
| 13:04 | Construir | Farm |
| 13:18 | Crear | Archer |
| 13:21 | Construir | Farm |
| 13:24 | Construir | Farm |
| 13:27 | Construir | Farm |
| 13:31 | Crear | Villager (Male) |
| 13:32 | Crear | Villager (Male) |
| 13:36 | Construir | Farm |
| 13:52 | Crear | Archer |
| 14:00 | Construir | Farm |
| 14:08 | Construir | House |
| 14:25 | Construir | Palisade Gate |
| 14:26 | Crear | Archer |
| 14:30 | Crear | Villager (Male) |
| 14:31 | Crear | Villager (Male) |
| 14:31 | Crear | Villager (Male) |
| 14:36 | Construir | Farm |
| 14:43 | Construir | House |
| 14:46 | Construir | Palisade Wall |
| 14:47 | Construir | Palisade Wall |
| 14:47 | Construir | Palisade Wall |
| 15:03 | Construir | Palisade Wall |
| 15:10 | Crear | Villager (Male) |
| 15:11 | Crear | Archer |
| 15:19 | Construir | House |
| 15:27 | Crear | Archer |
| 15:32 | Construir | Farm |
| 15:50 | Crear | Villager (Male) |
| 15:54 | Construir | Mining Camp |
| 16:34 | Construir | Farm |
| 16:43 | Crear | Villager (Male) |
| 17:15 | Investigar | Castle Age |
| 17:22 | Investigar | Stone Mining |
| 17:39 | Investigar | Horse Collar |
| 17:52 | Construir | House |
| 18:06 | Investigar | Gold Mining |
| 18:09 | Construir | Palisade Wall |
| 18:15 | Crear | Archer |
| 18:15 | Crear | Archer |
| 18:27 | Crear | Villager (Male) |
| 19:01 | Construir | House |
| 19:04 | Construir | House |
| 19:24 | Construir | Palisade Wall |
| 19:48 | Construir | House |
| 19:50 | Construir | Palisade Wall |
| 19:55 | Edad | Edad de los Castillos |
| 19:55 | Crear | Villager (Male) |
| 19:55 | Crear | Villager (Male) |
| 19:57 | Investigar | Bodkin Arrow |
| 20:03 | Construir | Market |
| 20:08 | Construir | Palisade Wall |
| 20:37 | Construir | Mining Camp |
| 20:57 | Investigar | Crossbowman (upgrade) |
| 21:12 | Construir | Palisade Wall |
| 21:36 | Crear | Villager (Male) |
| 21:36 | Crear | Villager (Male) |
| 21:36 | Crear | Villager (Male) |
| 21:46 | Construir | Castle |
| 21:49 | Construir | House |
| 21:51 | Crear | Archer |
| 21:51 | Crear | Archer |
| 21:54 | Crear | Villager (Male) |
| 21:55 | Crear | Villager (Male) |
| 22:26 | Construir | Farm |
| 22:47 | Crear | Villager (Male) |
| 22:48 | Crear | Villager (Male) |
| 22:57 | Crear | Gbeto |
| 22:58 | Crear | Villager (Male) |
| 22:58 | Crear | Villager (Male) |
| 23:00 | Construir | Farm |
| 23:02 | Crear | Villager (Male) |
| 23:02 | Crear | Villager (Male) |
| 23:05 | Construir | Siege Workshop |
| 23:10 | Investigar | Bow Saw |
| 23:10 | Investigar | Bow Saw |
| 23:24 | Construir | House |
| 23:29 | Crear | Gbeto |
| 23:29 | Crear | Gbeto |
| 23:32 | Investigar | Squires |
| 23:32 | Investigar | Squires |
| 23:39 | Construir | Town Center |
| 23:49 | Construir | Lumber Camp |
| 23:53 | Crear | Villager (Male) |
| 24:20 | Crear | Gbeto |
| 24:21 | Crear | Gbeto |
| 24:24 | Construir | Farm |
| 24:33 | Crear | Villager (Male) |
| 24:34 | Crear | Villager (Male) |
Cronología de la partida
| 5:03 | HeavenlyChorus · first_building Barracks |
| 5:52 | HeavenlyChorus · wall_segment Palisade Wall x1 |
| 5:53 | HeavenlyChorus · wall_segment Palisade Wall x1 |
| 5:53 | HeavenlyChorus · wall_segment Palisade Wall x1 |
| 5:55 | HeavenlyChorus · wall_segment Palisade Wall x2 |
| 6:53 | Puttsson · first_building Barracks |
| 7:46 | HeavenlyChorus · wall_segment Palisade Wall x8 |
| 8:03 | HeavenlyChorus · wall_segment Palisade Wall x6 |
| 8:57 | HeavenlyChorus · wall_segment Palisade Wall x10 |
| 9:19 | Puttsson · age_up feudal |
| 9:23 | Puttsson · first_building Archery Range |
| 9:43 | HeavenlyChorus · wall_segment Palisade Wall x6 |
| 11:57 | HeavenlyChorus · age_up feudal |
| 12:48 | HeavenlyChorus · first_building Archery Range |
| 14:46 | Puttsson · wall_segment Palisade Wall x1 |
| 14:47 | Puttsson · wall_segment Palisade Wall x1 |
| 14:47 | Puttsson · wall_segment Palisade Wall x1 |
| 15:03 | Puttsson · wall_segment Palisade Wall x8 |
| 15:09 | HeavenlyChorus · wall_segment Palisade Wall x1 |
| 16:49 | HeavenlyChorus · wall_segment Palisade Wall x1 |
| 18:09 | Puttsson · wall_segment Palisade Wall x1 |
| 19:24 | Puttsson · wall_segment Palisade Wall x1 |
| 19:50 | Puttsson · wall_segment Palisade Wall x1 |
| 19:55 | Puttsson · age_up castle |
| 20:08 | Puttsson · wall_segment Palisade Wall x1 |
| 20:56 | Puttsson · first_market_sell 100 food |
| 21:12 | Puttsson · wall_segment Palisade Wall x1 |
| 21:46 | Puttsson · first_building Castle |
| 21:57 | HeavenlyChorus · first_market_buy 100 food |
| 22:56 | HeavenlyChorus · wall_segment Palisade Wall x1 |
| 22:56 | HeavenlyChorus · wall_segment Palisade Wall x1 |
| 23:05 | Puttsson · first_building Siege Workshop |
| 23:18 | HeavenlyChorus · wall_segment Palisade Wall x1 |
| 23:59 | HeavenlyChorus · first_building Stable |
| 24:33 | Puttsson · first_market_buy 100 food |
| 24:45 | HeavenlyChorus · age_up castle |
| 26:04 | HeavenlyChorus · first_market_sell 100 food |
| 28:33 | HeavenlyChorus · first_building Monastery |
| 31:26 | HeavenlyChorus · first_building Siege Workshop |
| 32:50 | Puttsson · first_building Monastery |
| 33:54 | HeavenlyChorus · first_building Castle |
| 36:56 | Puttsson · age_up imperial |
| 41:46 | Puttsson · wall_segment Palisade Wall x1 |
| 44:29 | HeavenlyChorus · age_up imperial |
| 50:26 | Puttsson · first_building Stable |
| 52:37 | HeavenlyChorus · resign |
[ ANÁLISIS IA · 1 CRÉDITO ]
¿Qué pasó realmente en esta partida?
Wolo.gg analiza cada decisión: build order, eco, micro, errores típicos por bracket. Análisis personalizado por WhatsApp o Discord en 30 segundos.
Guía civ
Godos
Perfil
Jugador #208757